 Dungeon Crawl Stone Soup version 0.24.0-123-gd5b16e6ec5 (webtiles) character file.

Game seed: 3675902844998370626, levelgen mode: deterministic

12954 Verminor the Blocker (level 11, -1/141 HPs)
             Began as a Minotaur Fighter on Jan 12, 2020.
             Was a High Priest of Okawaru.
             Slain by a 13-headed hydra (6 damage)
             ... on level 2 of the Lair of Beasts.
             The game lasted 02:22:09 (12796 turns).

Verminor the Blocker (Minotaur Fighter)            Turns: 12796, Time: 02:22:09

Health: -1/141     AC: 25    Str: 29    XL:     11   Next: 69%
Magic:  4/4        EV:  2    Int:  5    God:    Okawaru [*****.]
Gold:   568        SH: 16    Dex: 10    Spells: 10/10 levels left

rFire    . . .     SeeInvis +   p - +3 war axe of the Disturbing Eyes {chop, +Fly rElec MP-9 SInv}
rCold    . . .     Gourm    .   c - +3 shield
rNeg     + + +     Faith    .   (armour currently unavailable)
rPois    +         Spirit   .   (helmet currently unavailable)
rElec    +         Reflect  .   (cloak currently unavailable)
rCorr    +         Harm     .   (gloves currently unavailable)
MR       .....     NoTele   +   (boots currently unavailable)
Stlth    +.........             a - amulet of the acrobat
HPRegen  0.33/turn              h - ring of resist corrosion
MPRegen  0.09/turn              H - +3 ring of evasion

@: mighty, tree-form
A: (retaliatory headbutt)
a: Heroism, Finesse, Renounce Religion


You were on level 2 of the Lair of Beasts.
You worshipped Okawaru.
Okawaru was extremely pleased with you.
You were not hungry.
You were a tree.
You visited 3 branches of the dungeon, and saw 11 of its levels.

You collected 656 gold pieces.
You spent 88 gold pieces at shops.

Inventory:

Hand Weapons
 p - the +3 war axe of the Disturbing Eyes (weapon) {chop, +Fly rElec MP-9 SInv}
   (You found it on level 6 of the Dungeon)

   It inflicts extra damage upon your enemies.
   It insulates you from electricity.
   It affects your magic capacity (-9).
   It lets you see invisible.
   It lets you fly.
 v - a +4 flail
 C - the +6 hand crossbow "Cihus" {venom, *Corrode +Inv Int+4 Dex+3}
   (You found it on level 5 of the Dungeon)

   It poisons the ammo it fires.
   It affects your intelligence (+4).
   It affects your dexterity (+3).
   It lets you turn invisible.
   It may corrode you when you take damage.
 L - the +8 demon trident "Rift" {distort, reach+}
   (You found it on level 7 of the Dungeon)

   It warps and distorts space around it.
   Unwielding it can cause banishment or high damage.
Missiles
 b - 2 throwing nets
 e - 8 javelins
 g - 473 stones (quivered)
 D - 4 boomerangs
 K - 62 bolts
Armour
 c - a +3 shield (worn)
 i - a +1 pair of boots (melded)
 m - a scarf of resistance
 B - a +1 cloak of poison resistance (melded)
 G - the +5 scale mail of Classification (melded) {*Contam MR+++ Regen+ Str+5}
   (You found it on level 1 of the Lair of Beasts)

   It affects your strength (+5).
   It affects your resistance to hostile enchantments.
   It causes magical contamination when unequipped.
   It increases your rate of regeneration.
 Q - a +1 hat (melded)
Jewellery
 a - an amulet of the acrobat (around neck)
 h - a ring of resist corrosion (left branch)
 z - an uncursed ring of poison resistance
 H - a +3 ring of evasion (right branch)
Wands
 y - a wand of enslavement (10)
 E - a wand of digging (5)
Scrolls
 j - 6 scrolls of teleportation
 l - 4 scrolls of fog
 q - 6 scrolls of magic mapping
 s - 3 scrolls of remove curse
 t - a scroll of fear
 x - 4 scrolls of enchant weapon
 F - a scroll of amnesia
 J - a scroll of enchant armour
 O - a scroll of silence {unknown}
 S - a scroll of immolation {unknown}
Potions
 d - 3 potions of might
 k - 2 potions of brilliance
 n - 6 potions of curing
 r - 2 potions of ambrosia {unknown}
 u - a potion of lignification
 w - a potion of cancellation {unknown}
 A - a potion of agility {unknown}
 I - a potion of invisibility {unknown}
 M - a potion of resistance {unknown}
Comestibles
 f - 24 rations
 N - 5 chunks of flesh


   Skills:
 + Level 7.9 Fighting
   Level 5.1 Long Blades
 + Level 7.3(9.1) Axes
 - Level 8.4(9.6) Maces & Flails
 + Level 6.4 Crossbows
 - Level 2.0 Throwing
 + Level 8.7 Armour
 - Level 2.0 Dodging
 + Level 12.2 Shields
 - Level 2.0 Invocations
 + Level 4.6 Evocations


You had 10 spell levels left.
You didn't know any spells.
Your spell library contained the following spells:

 Spells                   Type           Power        Failure   Level  Hunger
 Animate Skeleton         Necr           N/A          58%         1    ##.....
 Apportation              Tloc           #.....       58%         1    ##.....
 Confusing Touch          Hex            #.....       58%         1    ##.....
 Freeze                   Ice            #...         58%         1    ##.....
 Summon Small Mammal      Summ           #...         58%         1    ##.....
 Throw Frost              Conj/Ice       #.....       75%         2    ###....
 Ozocubu's Armour         Chrm/Ice       #.......     92%         3    ####...
 Summon Ice Beast         Ice/Summ       #.......     100%        4    #####..
 Throw Icicle             Conj/Ice       #.......     100%        4    #####..


Dungeon Overview and Level Annotations

Branches:
Dungeon (8/15)             Temple (1/1) D:4            Lair (2/6) D:8
 Spider (0/4) Lair:2
  Swamp: Lair:2-4    Shoals: Lair:2-4

Altars:
Cheibriados
Dithmenos
Fedhas
Gozag
Hepliaklqana
Kikubaaqudgha
Makhleb
Nemelex Xobeh
Okawaru
Qazlal
Trog
Uskayaw
Wu Jian
Xom
Yredelemnul
Zin
The Shining One

Shops:
D:4 !


Innate Abilities, Weirdness & Mutations

((You reflexively headbutt those who attack you in melee.))
((You have a pair of horns on your head.))


Message History

The 13-headed hydra bites you but does no damage. x2
The 13-headed hydra barely misses you. The 13-headed hydra bites you!
* * * LOW HITPOINT WARNING * * *
You block the 13-headed hydra's attack. x2; The 13-headed hydra bites you.
* * * LOW HITPOINT WARNING * * *
The 13-headed hydra bites you but does no damage.
The 13-headed hydra bites you!
* * * LOW HITPOINT WARNING * * *
As you read the scroll labeled IDIMOGHAUR, it crumbles to dust.
It is a scroll of amnesia.
You feel forgetful for a moment.
The 13-headed hydra bites you but does no damage.
You block the 13-headed hydra's attack. The 13-headed hydra bites you.
* * * LOW HITPOINT WARNING * * *
You block the 13-headed hydra's attack. The 13-headed hydra bites you.
* * * LOW HITPOINT WARNING * * *
You block the 13-headed hydra's attack. x2; The 13-headed hydra bites you.
* * * LOW HITPOINT WARNING * * *
The 13-headed hydra bites you.
You die...

#≈≈≈≈≈....'....#.....# ##
#≈≈≈......'....#.....#
###
#≈≈.......#..÷.#..[..##
##..
##≈.(♣♣♣#♣♣#''##.....P#
##...
#≈≈....t..#♣..♣##...###
#....
#≈≈.♣..♣.≈♣....♣#...#
####.... #≈..
...≈≈#≈....#..## #.......
#..P ...≈≈#≈≈D..'...#
##.....# ♣...
⌠..≈t#≈≈♣..'...###...>.##
♣...
...≈≈#≈≈...'..##......##
#.P.
D..≈≈♣≈...P#.........##
... ♣....8#........## ..
♣..<.##.......##
#######.......##
##........## #..........#
#..........####


You could see a 13-headed hydra and a crocodile.

Vanquished Creatures
  Gastronok (Lair:2)
  Pikel (D:8)
  4 oklob plants (Lair:1)
  A black mamba (Lair:2)
  A spiny frog (Lair:2)
  A komodo dragon (Lair:2)
  A hornet (Lair:2)
  2 hippogriffs
  Sigmund (D:6)
  13 yaks
  2 basilisks (Lair:1)
  6 water moccasins
  A floating eye (Lair:1)
  3 porcupines (D:8)
  2 slaves (D:8)
  2 ice beasts
  2 sky beasts (D:6)
  3 orc warriors
  A necrophage (D:6)
  6 ogres
  2 centaurs
  11 crocodiles
  2 gnoll sergeants
  10 bullfrogs
  3 scorpions
  4 killer bees (D:8)
  An electric eel (Lair:1)
  2 howler monkeys
  A bullfrog zombie (D:8)
  4 hounds
  3 jellies
  2 bullfrog skeletons (D:5)
  9 orc priests
  11 orc wizards
  3 worker ants
  Terence (D:2)
  A hound skeleton (D:5)
  A hound zombie (D:8)
  4 adders
  8 gnolls
  An adder zombie (D:6)
  5 worms
  3 dart slugs
  5 leopard geckos
  33 orcs
  14 bats
  2 giant cockroaches (D:3)
  8 goblins
  7 hobgoblins
  12 jackals
  5 quokkas
  A frilled lizard (D:1)
  13 kobolds
  A quokka skeleton (D:6)
  8 rats
  4 fungi
  11 plants
270 creatures vanquished.

Vanquished Creatures (others)
  9 fungi (D:8)
  38 plants
47 creatures vanquished.

Grand Total: 317 creatures vanquished

Notes
Turn   | Place    | Note
-------+----------+-------------------------------------------
     0 | D:1      | Verminor the Minotaur Fighter began the quest for the Orb.
     0 | D:1      | Reached XP level 1. HP: 19/19 MP: 0/0
   310 | D:1      | Reached XP level 2. HP: 27/27 MP: 1/1
   680 | D:1      | Found a glowing golden altar of the Shining One.
   692 | D:1      | Reached skill level 4 in Shields
  1148 | D:2      | Found a hazy altar of Hepliaklqana.
  1173 | D:2      | Reached XP level 3. HP: 33/33 MP: 2/2
  1556 | D:2      | Noticed Terence
  1571 | D:2      | Killed Terence
  1571 | D:2      | Reached XP level 4. HP: 39/40 MP: 3/3
  1858 | D:3      | Reached skill level 5 in Shields
  1876 | D:2      | Reached XP level 5. HP: 24/46 MP: 4/4
  3005 | D:4      | Reached skill level 5 in Long Blades
  3005 | D:4      | Reached skill level 1 in Maces & Flails
  3032 | D:4      | Found Peucsukav's Distillery.
  3064 | D:4      | Found a staircase to the Ecumenical Temple.
  3073 | Temple   | Entered the Ecumenical Temple
  3588 | Temple   | Became a worshipper of Warmaster Okawaru
  3812 | D:4      | Reached skill level 6 in Shields
  3812 | D:4      | Reached XP level 6. HP: 49/52 MP: 5/5
  4108 | D:4      | Bought a potion of curing for 33 gold pieces
  4108 | D:4      | Bought a potion of heal wounds for 55 gold pieces
  4121 | D:5      | Entered Level 5 of the Dungeon
  4396 | D:4      | Reached * piety under Okawaru
  4492 | D:4      | Reached skill level 7 in Shields
  4492 | D:4      | Reached XP level 7. HP: 55/59 MP: 6/6
  5116 | D:5      | Reached skill level 1 in Invocations
  5248 | D:5      | Reached skill level 5 in Maces & Flails
  5417 | D:5      | Found a glowing golden altar of the Shining One.
  5417 | D:5      | Found a glowing silver altar of Zin.
  5685 | D:5      | Got a smoking hand crossbow
  5686 | D:5      | Identified the +6 hand crossbow "Cihus" {venom, *Corrode
                  | +Inv Int+4 Dex+3} (You found it on level 5 of the Dungeon)
  5908 | D:5      | Reached skill level 8 in Shields
  5908 | D:5      | Reached skill level 1 in Evocations
  6121 | D:6      | Reached XP level 8. HP: 65/66 MP: 8/8
  6317 | D:6      | Reached skill level 9 in Shields
  6320 | D:6      | Reached ** piety under Okawaru
  6554 | D:6      | Noticed Sigmund
  6561 | D:6      | Killed Sigmund
  6574 | D:6      | Reached XP level 9. HP: 61/71 MP: 9/9
  6575 | D:6      | Reached skill level 10 in Shields
  6744 | D:6      | Got a steaming war axe
  6758 | D:6      | Got a creamy pearl robe
  6768 | D:6      | Identified the cursed +3 war axe of the Disturbing Eyes
                  | {chop, +Fly rElec MP-9 SInv} (You found it on level 6 of
                  | the Dungeon)
  6881 | D:6      | Identified the +1 robe of the Learner {MR+} (You found it
                  | on level 6 of the Dungeon)
  7157 | D:7      | Reached skill level 1 in Axes
  7157 | D:7      | Reached skill level 1 in Dodging
  7345 | D:7      | Reached skill level 1 in Throwing
  7359 | D:7      | Reached *** piety under Okawaru
  7654 | D:7      | Reached skill level 5 in Armour
  7849 | D:7      | Found the +8 demon trident "Rift" {distort, reach+}
  8141 | D:8      | Noticed Pikel
  8205 | D:8      | Killed Pikel
  8205 | D:8      | Received a gift from Okawaru
  8315 | D:8      | Reached **** piety under Okawaru
  8338 | D:8      | Reached skill level 5 in Fighting
  8488 | D:8      | Reached XP level 10. HP: 81/81 MP: 1/10
  8612 | D:8      | Found a staircase to the Lair.
  8642 | Lair:1   | Entered Level 1 of the Lair of Beasts
  8650 | D:8      | Reached skill level 11 in Shields
  9095 | D:8      | Found an ornate altar of the Wu Jian Council.
  9145 | D:8      | Received a gift from Okawaru
  9866 | D:8      | Reached skill level 5 in Axes
  9918 | D:8      | Reached ***** piety under Okawaru
 10456 | Lair:1   | Noticed an oklob plant
 10539 | Lair:1   | Noticed an oklob plant
 10933 | Lair:1   | Noticed an oklob plant
 10933 | Lair:1   | Noticed an oklob plant
 10973 | Lair:1   | Got a sapphire-encrusted scale mail
 10974 | Lair:1   | Identified the +5 scale mail of Classification {*Contam
                  | MR+++ Regen+ Str+5} (You found it on level 1 of the Lair of
                  | Beasts)
 11171 | Lair:1   | Killed an oklob plant
 11171 | Lair:1   | Received a gift from Okawaru
 11171 | Lair:1   | Reached XP level 11. HP: 69/91 MP: 12/12
 11202 | Lair:1   | Killed an oklob plant
 11202 | Lair:1   | Reached skill level 5 in Crossbows
 11695 | Lair:1   | Killed an oklob plant
 11702 | Lair:1   | Killed an oklob plant
 11978 | Lair:2   | Noticed Gastronok
 11989 | Lair:2   | Killed Gastronok
 11989 | Lair:2   | Reached skill level 12 in Shields
 12224 | Lair:2   | Found a hole to the Spider Nest.
 12327 | Lair:2   | Noticed an eight-headed hydra
 12796 | Lair:2   | HP: 5/141 [13-headed hydra (4)]
 12796 | Lair:2   | Slain by a 13-headed hydra

Levels and vault maps discovered:
D:1:      dpeg_arrival_circle_labyrinth_c, layout_basic, tso_metal_star
D:2:      layout_rooms, overflow_temple_1_default, uniq_terence
D:3:      layout_basic, nrook_campfire, minmay_pentomino_pile
D:4:      layout_basic, minmay_temple_entry_wispy, first_ration, serial_shops,
          nicolae_shop_competitors_out_of_business, chequers_decorated_corner
D:5:      layout_loops_ring, amethyst_overflow_temple_binary
D:6:      layout_rooms, uniq_sigmund
D:7:      layout_loops_ring, grunt_ogre_cave
D:8:      layout_layer_cave, nicolae_overflow_crystal_walls,
          grunt_lair_entry_orc_guard_hut, uniq_pikel
Temple:   dshaligram_water_room_temple
Lair:1:   layout_hall_layers, disabler_island, serial_bayou_shore_a
Lair:2:   cheibrodos_lair_overgrown_chateau, layout_hall_layers,
          dummy_spider_entry, st_stairs_13, uniq_gastronok

Skill      XL: |  1  2  3  4  5  6  7  8  9 10 11 |
---------------+----------------------------------+-----
Fighting       | 4 5 6 7 |  7.9
Armour         | 4 6 7 8 |  8.7
Shields        | 4 5 6 7 8 9 10 11 12 | 12.2
Long Blades    | 3 4 5 |  5.1
Maces & Flails | 2 3 5 8 |  8.4
Invocations    | 2 |  2.0
Evocations     | 1 2 3 4 |  4.6
Axes           | 3 6 7 |  7.3
Dodging        | 2 |  2.0
Throwing       | 2 |  2.0
Crossbows      | 2 4 6 |  6.4

Action                   |  1- 3 |  4- 6 |  7- 9 | 10-12 || total
-------------------------+-------+-------+-------+-------++-------
Melee: Long sword        |   111 |   160 |     9 |       ||   280
       Headbutt          |    20 |    27 |    58 |    78 ||   183
       Mace              |       |       |    53 |       ||    53
       Flail             |       |       |   117 |       ||   117
       War axe           |       |       |   159 |   287 ||   446
 Fire: Hand crossbow     |       |       |     5 |    57 ||    62
Throw: Stone             |       |     5 |       |       ||     5
  Use: Scroll            |       |     2 |     6 |    10 ||    18
       Potion            |       |       |     1 |     5 ||     6
  Eat: Ration            |     1 |     1 |     2 |     2 ||     6
       Chunk             |       |     5 |     6 |     7 ||    18
Armor: Scale mail        |    69 |     3 |       |    40 ||   112
       Chain mail        |       |    61 |    40 |       ||   101
       Plate armour      |       |       |    49 |    78 ||   127
       Skin              |       |       |       |    46 ||    46
Dodge: Dodged            |    40 |    25 |    53 |    98 ||   216
Block: Shield            |    75 |   109 |   243 |   267 ||   694
       Rpst.: Long sword |    13 |     7 |     1 |       ||    21
